[ PARTIDA AOE2 · #494177116 ]
UnrankedPolacos vs Byzantines
Equipo del jugador · VICT
[ ANÁLISIS DE REPETICIÓN · EXTRAÍDO DE LA PARTIDA GRABADA ]
Feudal
9:26
Castillos
24:19
Imperial
—
| APM promedio | 48.6 |
| APM pico | 81 |
| eAPM promedio | 24.7 |
| Aldeanos / militares | 92 / 59 |
Foco
⚔️ 17.4% · 🌾 82.6%
Skirmisher ×23 · Knight ×12 · Cavalry Archer ×10 · Monk ×5 · Mangonel ×4 · Militia ×3
Feudal
9:53
Castillos
25:18
Imperial
—
| APM promedio | 41.7 |
| APM pico | 71 |
| eAPM promedio | 21.1 |
| Aldeanos / militares | 128 / 69 |
Foco
⚔️ 38.5% · 🌾 61.5%
Archer ×41 · Camel Scout ×16 · Skirmisher ×8 · Monk ×2 · Mangonel ×2
Mapa de la partida
Recursos iniciales + cada clic de construcción. Líneas = muros · curvas = relieve. ◆ oro · ⬟ piedra · ● bayas · ✦ reliquia · ◌ hueco del cierre
Tu base· Abierta — hueco de 3t
Base de [GDL] Botsito Industrial· Abierta — hueco de 4t
Terreno inicial suavizado · ◌ = hueco del cierre detectado · pasá el cursor para detalles
Inputs por minuto
— OX | JuDaS - - [GDL] Botsito Industrial
Build order — OX | JuDaS
Primeras 150 de 262 acciones detectadas
| 0:00 | Crear | Villager (Male) |
| 0:00 | Crear | Villager (Male) |
| 0:01 | Crear | Villager (Male) |
| 0:02 | Construir | House |
| 0:02 | Construir | House |
| 0:06 | Crear | Villager (Male) |
| 1:24 | Crear | Villager (Male) |
| 1:24 | Crear | Villager (Male) |
| 1:44 | Construir | Lumber Camp |
| 1:48 | Crear | Villager (Male) |
| 2:22 | Crear | Villager (Male) |
| 2:51 | Crear | Villager (Male) |
| 2:51 | Crear | Villager (Male) |
| 3:26 | Crear | Villager (Male) |
| 3:26 | Crear | Villager (Male) |
| 3:46 | Construir | House |
| 3:52 | Crear | Villager (Male) |
| 4:12 | Construir | House |
| 4:32 | Crear | Villager (Male) |
| 4:33 | Crear | Villager (Male) |
| 4:33 | Crear | Villager (Male) |
| 4:59 | Crear | Villager (Male) |
| 4:59 | Crear | Villager (Male) |
| 5:18 | Crear | Villager (Male) |
| 5:37 | Investigar | Loom |
| 6:19 | Construir | Barracks |
| 6:49 | Construir | Mining Camp |
| 7:16 | Investigar | Feudal Age |
| 7:16 | Investigar | Feudal Age |
| 7:30 | Crear | Militia |
| 7:30 | Crear | Militia |
| 8:11 | Construir | House |
| 8:17 | Crear | Militia |
| 8:27 | Crear | Villager (Male) |
| 9:26 | Edad | Edad Feudal |
| 9:26 | Investigar | Double-Bit Axe |
| 9:27 | Investigar | Double-Bit Axe |
| 9:28 | Crear | Villager (Male) |
| 9:51 | Investigar | Man-at-Arms (upgrade) |
| 10:02 | Crear | Villager (Male) |
| 10:16 | Construir | Watch Tower |
| 10:28 | Crear | Villager (Male) |
| 10:46 | Construir | Palisade Wall |
| 10:49 | Construir | Palisade Wall |
| 11:12 | Construir | Watch Tower |
| 11:14 | Crear | Villager (Male) |
| 11:21 | Construir | Blacksmith |
| 11:23 | Construir | Mill |
| 11:24 | Crear | Villager (Male) |
| 11:25 | Crear | Villager (Male) |
| 11:32 | Construir | Mill |
| 11:48 | Crear | Villager (Male) |
| 12:12 | Investigar | Fletching |
| 12:28 | Construir | Watch Tower |
| 12:32 | Construir | Palisade Wall |
| 12:34 | Construir | Palisade Wall |
| 12:35 | Crear | Villager (Male) |
| 12:35 | Crear | Villager (Male) |
| 12:41 | Construir | Farm |
| 12:48 | Construir | Farm |
| 12:51 | Construir | Farm |
| 12:55 | Construir | House |
| 13:10 | Crear | Villager (Male) |
| 13:11 | Crear | Villager (Male) |
| 13:27 | Construir | Watch Tower |
| 13:31 | Crear | Villager (Male) |
| 13:45 | Crear | Villager (Male) |
| 14:05 | Construir | Archery Range |
| 14:09 | Crear | Villager (Male) |
| 14:35 | Crear | Villager (Male) |
| 14:35 | Crear | Villager (Male) |
| 14:39 | Construir | Farm |
| 14:48 | Construir | Farm |
| 14:50 | Construir | Farm |
| 14:58 | Crear | Skirmisher |
| 14:59 | Crear | Skirmisher |
| 15:05 | Crear | Villager (Male) |
| 15:11 | Construir | Watch Tower |
| 15:15 | Crear | Skirmisher |
| 15:33 | Crear | Archer |
| 15:35 | Crear | Archer |
| 15:41 | Crear | Villager (Male) |
| 15:42 | Crear | Villager (Male) |
| 15:47 | Construir | Farm |
| 16:04 | Crear | Skirmisher |
| 16:20 | Crear | Villager (Male) |
| 16:22 | Investigar | Padded Archer Armor |
| 16:25 | Construir | House |
| 16:29 | Investigar | Town Watch |
| 16:53 | Crear | Villager (Male) |
| 16:58 | Construir | Mill |
| 17:00 | Construir | Farm |
| 17:39 | Crear | Villager (Male) |
| 17:40 | Crear | Villager (Male) |
| 17:40 | Crear | Villager (Male) |
| 17:40 | Crear | Villager (Male) |
| 17:41 | Crear | Villager (Male) |
| 17:42 | Construir | Farm |
| 17:43 | Construir | Farm |
| 17:46 | Crear | Villager (Male) |
| 18:15 | Crear | Villager (Male) |
| 18:16 | Crear | Villager (Male) |
| 18:19 | Construir | Farm |
| 18:21 | Construir | Farm |
| 18:22 | Crear | Villager (Male) |
| 18:37 | Crear | Skirmisher |
| 18:38 | Crear | Villager (Male) |
| 18:41 | Construir | Market |
| 18:57 | Crear | Villager (Male) |
| 19:00 | Construir | Farm |
| 19:01 | Construir | Farm |
| 19:02 | Construir | Farm |
| 19:07 | Crear | Villager (Male) |
| 19:15 | Construir | Watch Tower |
| 19:18 | Construir | Mining Camp |
| 19:32 | Construir | Mining Camp |
| 20:14 | Construir | Mill |
| 20:24 | Investigar | Wheelbarrow |
| 20:27 | Construir | House |
| 20:28 | Construir | House |
| 20:35 | Construir | House |
| 20:37 | Construir | House |
| 20:53 | Crear | Skirmisher |
| 20:53 | Crear | Skirmisher |
| 20:55 | Crear | Villager (Male) |
| 20:59 | Construir | Farm |
| 21:22 | Construir | Mining Camp |
| 21:37 | Investigar | Castle Age |
| 21:40 | Crear | Villager (Male) |
| 21:44 | Crear | Skirmisher |
| 22:02 | Construir | Stable |
| 22:08 | Construir | Farm |
| 22:11 | Crear | Skirmisher |
| 22:12 | Crear | Skirmisher |
| 22:28 | Construir | Farm |
| 22:45 | Construir | Farm |
| 22:51 | Investigar | Horse Collar |
| 22:52 | Investigar | Horse Collar |
| 22:58 | Investigar | Bloodlines |
| 23:09 | Crear | Skirmisher |
| 23:20 | Crear | Skirmisher |
| 23:22 | Investigar | Scale Barding Armor |
| 23:24 | Construir | Farm |
| 23:25 | Crear | Villager (Male) |
| 23:37 | Construir | House |
| 23:50 | Crear | Skirmisher |
| 24:13 | Construir | Mill |
| 24:19 | Edad | Edad de los Castillos |
| 24:22 | Crear | Knight |
| 24:23 | Crear | Knight |
Build order — [GDL] Botsito Industrial
Primeras 150 de 259 acciones detectadas
| 0:01 | Crear | Villager (Male) |
| 0:01 | Crear | Villager (Male) |
| 0:01 | Crear | Villager (Male) |
| 0:02 | Construir | House |
| 0:04 | Construir | House |
| 0:23 | Crear | Villager (Male) |
| 1:29 | Crear | Villager (Male) |
| 1:29 | Crear | Villager (Male) |
| 1:54 | Crear | Villager (Male) |
| 1:54 | Crear | Villager (Male) |
| 2:16 | Construir | Lumber Camp |
| 2:35 | Crear | Villager (Male) |
| 2:35 | Crear | Villager (Male) |
| 2:35 | Crear | Villager (Male) |
| 2:58 | Crear | Villager (Male) |
| 2:58 | Crear | Villager (Male) |
| 2:58 | Crear | Villager (Male) |
| 3:32 | Construir | House |
| 3:35 | Crear | Villager (Male) |
| 3:36 | Crear | Villager (Male) |
| 3:36 | Crear | Villager (Male) |
| 4:23 | Construir | Mill |
| 4:23 | Crear | Villager (Male) |
| 4:38 | Crear | Villager (Male) |
| 5:01 | Crear | Villager (Male) |
| 5:12 | Construir | House |
| 5:59 | Crear | Villager (Male) |
| 6:26 | Crear | Villager (Male) |
| 6:28 | Crear | Villager (Male) |
| 7:18 | Investigar | Loom |
| 7:20 | Investigar | Feudal Age |
| 7:56 | Construir | Barracks |
| 8:40 | Construir | House |
| 8:49 | Construir | Mining Camp |
| 8:53 | Crear | Villager (Male) |
| 9:38 | Construir | Palisade Wall |
| 9:38 | Construir | Palisade Wall |
| 9:39 | Construir | Palisade Wall |
| 9:40 | Construir | Palisade Wall |
| 9:53 | Edad | Edad Feudal |
| 9:54 | Crear | Villager (Male) |
| 9:58 | Construir | Palisade Wall |
| 10:06 | Construir | Archery Range |
| 10:12 | Construir | Watch Tower |
| 10:25 | Crear | Villager (Male) |
| 10:34 | Construir | Archery Range |
| 10:37 | Crear | Villager (Male) |
| 10:47 | Construir | House |
| 10:53 | Crear | Villager (Male) |
| 10:55 | Investigar | Double-Bit Axe |
| 11:13 | Crear | Villager (Male) |
| 11:19 | Crear | Archer |
| 11:20 | Crear | Archer |
| 11:28 | Crear | Villager (Male) |
| 11:43 | Construir | Blacksmith |
| 11:45 | Crear | Villager (Male) |
| 12:01 | Crear | Archer |
| 12:28 | Investigar | Fletching |
| 12:30 | Crear | Villager (Male) |
| 12:30 | Crear | Villager (Male) |
| 12:31 | Crear | Villager (Male) |
| 12:33 | Construir | House |
| 12:37 | Crear | Villager (Male) |
| 13:03 | Investigar | Horse Collar |
| 13:15 | Crear | Villager (Male) |
| 13:19 | Crear | Villager (Male) |
| 13:29 | Construir | House |
| 13:34 | Crear | Archer |
| 13:36 | Crear | Villager (Male) |
| 14:03 | Crear | Villager (Male) |
| 14:08 | Crear | Villager (Male) |
| 14:14 | Crear | Archer |
| 14:14 | Crear | Archer |
| 14:15 | Crear | Villager (Male) |
| 14:15 | Crear | Villager (Male) |
| 14:16 | Crear | Villager (Male) |
| 14:26 | Crear | Villager (Male) |
| 14:31 | Construir | House |
| 15:04 | Construir | House |
| 15:05 | Crear | Villager (Male) |
| 15:25 | Construir | House |
| 15:27 | Construir | Farm |
| 15:28 | Construir | Farm |
| 15:30 | Construir | Farm |
| 15:30 | Crear | Villager (Male) |
| 15:32 | Crear | Villager (Male) |
| 15:40 | Crear | Villager (Male) |
| 15:48 | Crear | Villager (Male) |
| 16:13 | Construir | Farm |
| 16:13 | Construir | Farm |
| 16:15 | Construir | Farm |
| 16:16 | Construir | Farm |
| 16:17 | Crear | Villager (Male) |
| 16:19 | Crear | Villager (Male) |
| 16:19 | Crear | Villager (Male) |
| 16:32 | Construir | Mining Camp |
| 16:39 | Crear | Villager (Male) |
| 16:50 | Construir | Archery Range |
| 17:02 | Crear | Villager (Male) |
| 17:29 | Crear | Skirmisher |
| 17:29 | Crear | Skirmisher |
| 17:30 | Crear | Skirmisher |
| 17:30 | Crear | Skirmisher |
| 17:31 | Crear | Villager (Male) |
| 17:31 | Crear | Villager (Male) |
| 17:45 | Construir | Farm |
| 17:46 | Construir | Farm |
| 17:47 | Crear | Villager (Male) |
| 18:01 | Crear | Villager (Male) |
| 18:09 | Investigar | Padded Archer Armor |
| 18:14 | Construir | House |
| 18:42 | Construir | Mining Camp |
| 18:45 | Crear | Villager (Male) |
| 18:52 | Construir | Lumber Camp |
| 19:11 | Crear | Villager (Male) |
| 19:13 | Crear | Skirmisher |
| 19:14 | Crear | Skirmisher |
| 19:14 | Crear | Skirmisher |
| 19:22 | Construir | Market |
| 19:38 | Crear | Villager (Male) |
| 19:49 | Crear | Villager (Male) |
| 20:19 | Crear | Villager (Male) |
| 20:31 | Crear | Villager (Male) |
| 21:02 | Crear | Villager (Male) |
| 21:20 | Crear | Villager (Male) |
| 21:53 | Crear | Villager (Male) |
| 21:53 | Crear | Villager (Male) |
| 22:38 | Investigar | Castle Age |
| 22:45 | Crear | Skirmisher |
| 22:53 | Construir | Lumber Camp |
| 22:55 | Construir | Farm |
| 23:03 | Construir | Farm |
| 23:04 | Construir | Farm |
| 23:05 | Construir | Farm |
| 23:06 | Crear | Villager (Male) |
| 23:20 | Crear | Archer |
| 23:41 | Construir | House |
| 23:42 | Construir | House |
| 23:53 | Investigar | Gold Mining |
| 24:12 | Construir | House |
| 24:21 | Crear | Archer |
| 24:22 | Crear | Villager (Male) |
| 24:22 | Crear | Villager (Male) |
| 24:33 | Crear | Archer |
| 25:18 | Edad | Edad de los Castillos |
| 25:22 | Investigar | Bodkin Arrow |
| 25:24 | Crear | Villager (Male) |
| 25:31 | Construir | Town Center |
| 25:31 | Crear | Villager (Male) |
| 25:42 | Construir | Siege Workshop |
Cronología de la partida
| 6:19 | OX | JuDaS · first_building Barracks |
| 7:56 | [GDL] Botsito Industrial · first_building Barracks |
| 9:26 | OX | JuDaS · age_up feudal |
| 9:38 | [GDL] Botsito Industrial · wall_segment Palisade Wall x1 |
| 9:38 | [GDL] Botsito Industrial · wall_segment Palisade Wall x1 |
| 9:39 | [GDL] Botsito Industrial · wall_segment Palisade Wall x1 |
| 9:40 | [GDL] Botsito Industrial · wall_segment Palisade Wall x1 |
| 9:53 | [GDL] Botsito Industrial · age_up feudal |
| 9:58 | [GDL] Botsito Industrial · wall_segment Palisade Wall x1 |
| 10:06 | [GDL] Botsito Industrial · first_building Archery Range |
| 10:46 | OX | JuDaS · wall_segment Palisade Wall x2 |
| 10:49 | OX | JuDaS · wall_segment Palisade Wall x2 |
| 12:32 | OX | JuDaS · wall_segment Palisade Wall x2 |
| 12:34 | OX | JuDaS · wall_segment Palisade Wall x2 |
| 14:05 | OX | JuDaS · first_building Archery Range |
| 20:33 | [GDL] Botsito Industrial · first_market_sell 500 wood |
| 20:44 | [GDL] Botsito Industrial · first_market_buy 100 food |
| 22:02 | OX | JuDaS · first_building Stable |
| 24:19 | OX | JuDaS · age_up castle |
| 25:18 | [GDL] Botsito Industrial · age_up castle |
| 25:42 | [GDL] Botsito Industrial · first_building Siege Workshop |
| 25:56 | [GDL] Botsito Industrial · first_building Stable |
| 26:15 | OX | JuDaS · first_building Monastery |
| 27:52 | [GDL] Botsito Industrial · first_building Monastery |
| 30:56 | [GDL] Botsito Industrial · wall_segment Palisade Wall x1 |
| 30:57 | [GDL] Botsito Industrial · wall_segment Palisade Wall x1 |
| 32:41 | OX | JuDaS · first_building Siege Workshop |
| 36:00 | [GDL] Botsito Industrial · resign |
[ ANÁLISIS IA · 1 CRÉDITO ]
¿Qué pasó realmente en esta partida?
Wolo.gg analiza cada decisión: build order, eco, micro, errores típicos por bracket. Análisis personalizado por WhatsApp o Discord en 30 segundos.
Guía civ
Polacos
Perfil
Jugador #281802